 Dungeon Crawl Stone Soup version 0.17.0-28-g6e173f8 (webtiles) character file.

201 4thArraOfDagon the Chopper (level 5, -3/70 HPs)
             Began as a Minotaur Berserker on Nov 24, 2015.
             Was a Follower of Trog.
             Slain by a sky beast (4 damage)
             ... on level 5 of the Dungeon.
             The game lasted 00:01:18 (215 turns).

4thArraOfDagon the Chopper (Minotaur Berserker)      Turns: 215, Time: 00:01:18

Health: -3/70      AC:  2    Str: 32    XL:     5   Next: 50%
Magic:  4/4        EV: 12    Int:  5    God:    Trog [*.....]
Gold:   24         SH:  0    Dex:  9    Spells: 0 memorised, 4 levels left

rFire  . . .     SeeInvis .     a - +0 hand axe
rCold  . . .     Clarity  .     b - +0 animal skin
rNeg   . . .     SustAt   .     (no shield)
rPois  .         Gourm    .     (helmet restricted)
rElec  .         Spirit   .     (no cloak)
rCorr  .         Warding  .     (no gloves)
rMut   .         Stasis   .     (no boots)
MR     .....                    (no amulet)
Stlth  ..........               (no ring)
                                e - +5 ring of strength

@: berserking, very quick, not resistant to hostile enchantments, extremely
unstealthy
A: retaliatory headbutt, horns 2
a: Berserk, Burn Spellbooks, Renounce Religion


You were on level 5 of the Dungeon.
You worshipped Trog.
Trog was aware of your devotion.
You were not hungry.

You visited 1 branch of the dungeon, and saw 5 of its levels.

You collected 24 gold pieces.

Inventory:

Hand Weapons
 a - a +0 hand axe (weapon)
Armour
 b - a +0 animal skin (worn)
Jewellery
 e - a +5 ring of strength (left hand)
Potions
 d - a potion of haste {unknown}
Books
 f - a book of Summonings

   Spells                             Type                      Level
   a - Recall                         Summoning/Translocation      3
   b - Aura of Abjuration             Summoning                    5
   c - Shadow Creatures               Summoning                    5
   d - Summon Demon                   Summoning                    5
   e - Summon Forest                  Summoning/Translocation      5
   f - Summon Mana Viper              Hexes/Summoning              5
   Trog disapproves of the use of such an item.
Comestibles
 c - 2 bread rations
 g - 4 chunks of flesh


   Skills:
 + Level 4.8 Fighting
 * Level 5.9 Axes
 + Level 4.0 Armour
 - Level 2.1 Dodging


You had 4 spell levels left.
You didn't know any spells.

Dungeon Overview and Level Annotations

Branches:
Dungeon (5/15)             Temple (0/1) D:5

Altars:

Annotations:
D:4 Eustachio


Innate Abilities, Weirdness & Mutations

You reflexively headbutt those who attack you in melee.
You have a pair of horns on your head.


Message History

The ogre is heavily wounded.
You hit the worker ant.
The worker ant is moderately wounded.
You slash something! Something hits you.
* * * LOW HITPOINT WARNING * * *
Something shocks you.
* * * LOW HITPOINT WARNING * * *
The worker ant bites you.
* * * LOW HITPOINT WARNING * * *
You slash the ogre!
You kill the ogre!
Trog accepts your kill.
Your Armour skill increases to level 4!
You have reached level 5!
You closely miss the worker ant.
The worker ant is moderately wounded.
You miss something.
A sky beast appears from thin air!
Reactivating autopickup.
The sky beast hits you.
You die...

.....#.....#........###.
.....# #..............<
.....# #.......%......
.....# #..............
.....# #...#..........
.....# #...##.#?..#...
.....# #?.............
.....# #...##Y#)......
.....# #......@a..###.
.....# ###..#..#......
.....# ##.#..######.
.....# # ...# #.##.#
....# #.##.## ......
#.....#### #....##
.).......# #...>
##....##.#


You could see a sky beast and a worker ant.

Vanquished Creatures
  2 ogres (D:5)
  An iguana (D:4)
  An adder (D:5)
  An orc (D:5)
5 creatures vanquished.

Notes
Turn   | Place    | Note
--------------------------------------------------------------
     0 | D:1      | 4thArraOfDagon the Minotaur Berserker began the quest for the Orb.
     0 | D:1      | Reached XP level 1. HP: 19/19 MP: 0/0
    59 | D:4      | Noticed an iguana
    64 | D:4      | Killed an iguana
    64 | D:4      | Reached skill level 4 in Fighting
    64 | D:4      | Reached XP level 2. HP: 27/27 MP: 1/1
    94 | D:4      | Noticed Eustachio
   100 | D:5      | Entered Level 5 of the Dungeon
   101 | D:5      | Noticed an ogre
   114 | D:5      | Reached XP level 3. HP: 33/33 MP: 2/2
   118 | D:5      | Killed an ogre
   118 | D:5      | Reached skill level 5 in Axes
   118 | D:5      | Reached XP level 4. HP: 25/41 MP: 3/3
   178 | D:5      | Found a staircase to the Ecumenical Temple.
   200 | D:5      | Noticed an ogre
   203 | D:5      | Noticed a sky beast
   214 | D:5      | HP: 3/61 [something (5)]
   214 | D:5      | HP: 1/61 [worker ant (2)]
   215 | D:5      | Killed an ogre
   215 | D:5      | Reached XP level 5. HP: 1/47 MP: 4/4
   215 | D:5      | Slain by a sky beast

Action                   |  1- 3 |  4- 6 || total
-------------------------+-------+-------++-------
Melee: Hand axe          |     6 |     4 ||    10
Invok: Berserk           |     2 |     1 ||     3
